 Dungeon Crawl Stone Soup version 0.32-a0-799-g95e1662365 (console) character file.

Game seed: 4595183412462927412

2 petzl the Sneak (level 1, 0/18 HPs)
             Began as a Formicid Delver on Mar 21, 2024.
             Was an Initiate of Vehumet.
             Slain by a phantom (2 damage)
             ... on level 4 of the Dungeon.
             The game lasted 00:06:43 (1002 turns).

petzl the Sneak (Formicid Delver)                   Turns: 1002, Time: 00:06:43

Health: 0/18       AC:  3    Str: 16    XL:     1   Next: 33%
Magic:  1/1        EV: 10    Int: 15    God:    Vehumet [......]
Gold:   86         SH:  0    Dex: 12    Spells: 1/1 levels left

rFire   . . .        a - +4 hand axe {freeze, ^Drain rN+ Int+6 Dex-3, !f =f}
rCold   + . .        (no shield)
rNeg    + . .        b - +0 leather armour
rPois   .            (helmet unavailable)
rElec   .            (no cloak)
rCorr   .            (no gloves)
SInv    +            (no boots)
Will    .....        (no amulet)
Stlth   +++          j - ring of protection from cold
HPRegen 0.23/turn    (no ring)
MPRegen 0.07/turn

%: no passive effects
@: no status effects
A: permanent stasis, dig shafts and tunnels, antennae 3, four strong arms
a: Dig, Shaft Self, Renounce Religion


You were on level 4 of the Dungeon.
You worshipped Vehumet.
Vehumet was noncommittal.
You visited 2 branches of the dungeon, and saw 7 of its levels.

You collected 86 gold pieces.

Inventory:

Hand Weapons
 a - the +4 hand axe of Slow Death (weapon) {freeze, ^Drain rN+ Int+6 Dex-3, !f =f}
   (You found it on level 9 of the Dungeon)

   Int+6:     It affects your intelligence (+6).
   Dex-3:     It affects your dexterity (-3).
   rN+:       It protects you from negative energy.
   ^Drain:    It drains your maximum health when unequipped.
Missiles
 g - 5 boomerangs
Armour
 b - a +0 leather armour (worn)
Jewellery
 j - a ring of protection from cold (left hand)
Wands
 f - a wand of digging (3)
Scrolls
 d - a scroll of revelation
 h - 2 scrolls of identify {unknown}
 i - a scroll of teleportation {unknown}


   Skills:
 - Level 3.2 Fighting
 - Level 2.0 Maces & Flails
 - Level 1.7 Dodging
 - Level 6.0 Stealth
 + Level 0.6 Spellcasting


You had one spell level left.
You didn't know any spells.
Your spell library contained the following spells:

 Spells                   Type           Power      Damage    Failure   Level
 Dazzling Flash           Conj/Hex       0%         N/A       67%         3
 Inner Flame              Hex/Fire       0%         N/A       67%         3
 Mephitic Cloud           Conj/Alch/Air  0%         N/A       67%         3
 Curse of Agony           Necr           0%         N/A       100%        5
 Irradiate                Conj/Alch      0%         3d11      100%        5
 Silence                  Hex/Air        0%         N/A       100%        5
 Ignition                 Fire           0%         3d3       100%        8


Dungeon Overview and Level Annotations

Branches:
Dungeon (9/15)             Temple (1/1) D:5
   Lair: D:8-11         Orc: D:9-12

Altars:
Cheibriados
Dithmenos
Elyvilon
Fedhas
Hepliaklqana
Kikubaaqudgha
Makhleb
Okawaru
Qazlal
Ru
Sif Muna
Vehumet
Xom
The Shining One

Shops:
D:5 :   D:7 :

Annotations:
D:5 exclusions: phantom and 3 sensed monsters (detected)
D:6 exclusions: orc priest and upstairs
D:7 exclusions: downstairs, orc, orc warrior, 2 sensed monsters (detected) and shadow imp


Innate Abilities, Weirdness & Mutations

You cannot be hasted, slowed, berserked, paralysed or teleported.
You can dig through walls and to a lower floor.
You have a pair of large antennae on your head. (SInv)
Your four strong arms can wield two-handed weapons with a shield.


Message History

The phantom hits you.
You barely miss the phantom.
The phantom is severely damaged.
The phantom closely misses you. The phantom hits you.
You barely miss the phantom.
The phantom is heavily damaged.
The phantom hits you!
* * * LOW HITPOINT WARNING * * *
You barely miss the phantom.
The phantom is heavily damaged.
The phantom misses you.
You closely miss the phantom.
The phantom is heavily damaged.
The phantom barely misses you.
The phantom hits you but does no damage.
You hit the phantom.
The phantom is severely damaged.
The phantom hits you but does no damage.
You hit the phantom.
The phantom is almost destroyed.
The phantom closely misses you.
You closely miss the phantom.
The phantom is almost destroyed.
The phantom barely misses you.
You barely miss the phantom.
The phantom is severely damaged.
The phantom hits you.
* * * LOW HITPOINT WARNING * * *
You hit the phantom.
The phantom is almost destroyed.
The phantom hits you but does no damage.
The phantom barely misses you.
You barely miss the phantom.
The phantom is almost destroyed.
The phantom hits you.
* * * LOW HITPOINT WARNING * * *
You closely miss the phantom.
The phantom is almost destroyed.
The phantom hits you.
You die...

#.....!#
#......#
###......##
.........
#......#
#......#
#....W.#
#...@..#
#......#
#......#
########


You could see a phantom.

Vanquished Creatures
  An orc (D:5)
1 creature vanquished.

Notes
Turn   | Place    | Note
-------+----------+-------------------------------------------
     0 | D:5      | petzl the Formicid Delver began the quest for the Orb.
     0 | D:5      | Reached XP level 1. HP: 18/18 MP: 1/1
     2 | D:5      | Found a staircase to the Ecumenical Temple.
     7 | Temple   | Entered the Ecumenical Temple
    14 | Temple   | Became a worshipper of Vehumet
   106 | D:6      | Noticed an orc priest
   142 | D:6      | Noticed an orc wizard
   151 | D:6      | Noticed a water moccasin
   179 | D:6      | Noticed an orc wizard
   192 | D:6      | You fall into a shaft and drop 3 floors!
   274 | D:9      | Identified the +4 hand axe of Slow Death {freeze, ^Drain
                  | rN+ Int+6 Dex-3}
   473 | D:7      | Found Soxzob's Self-Published Books.
   537 | D:7      | Found an iron altar of Okawaru.
   566 | D:8      | Noticed a sky beast
   606 | D:7      | Noticed an orc warrior
   727 | D:5      | Noticed an iguana
   745 | D:5      | Noticed a scorpion
   786 | D:5      | Noticed a phantom
   928 | D:5      | Found a snail-covered altar of Cheibriados.
   933 | D:5      | Noticed a gnoll bouda
   949 | D:5      | Found Budyill's Book Emporium.
   982 | D:4      | Noticed a phantom
  1002 | D:4      | Slain by a phantom

Illustrated notes

Levels and vault maps discovered:
D:4:      layout_rooms, portal_sewer_entry_d, uniq_eustachio
D:5:      layout_basic, nicolae_overflow_squiral,
          minmay_temple_entry_from_below_a, serial_shops, shop
D:6:      layout_loops_ring, nicolae_ossuary_entry_giza,
          minmay_misc_feat_plants, nicolae_tricolors, uniq_blork_the_orc
D:7:      layout_layer_cave, mainiacjoe_overflow_alcove_4, nicolae_custom_books,
          mrwooster_statue_mirror
D:8:      layout_rooms, ashenzari_conservatory_becter, serial_shops,
          nicolae_shop_statue_plus, grunt_ministairs_4, billiards_dpeg
D:9:      layout_basic, grunt_gozag_breadcrumbs, hellmonk_lair_entry_icy,
          minmay_orc_entry_guard_dogs
Temple:   nicolae_temple_x_marks_the_god

Action                     || total
---------------------------++-------
  Melee: Hand axe          ||    22
Ability: Dig               ||     1
         Shaft Self        ||     1
    Use: Scroll            ||     3
   Stab: Sleeping          ||     1
 Armour: Leather armour    ||    15
  Dodge: Dodged            ||    19

Table legend: (Time is in decaauts)
 A = Elapsed time spent in this place.
 B = Non-inter-level travel time spent in this place.
 C = Inter-level travel time spent in this place.
 D = Time resting spent in this place.
 E = Time spent auto-exploring this place.
 F = Levels seen in this place.
 G = Mean time per level.
                   A        B        C        D        E       F      G
               +--------+--------+--------+--------+--------+-----+--------+
         Total |   1003 |    989 |     14 |     97 |    324 |   7 |  143.3 |
       Dungeon |    989 |    988 |      1 |     97 |    324 |   6 |  164.8 |
        Temple |     14 |      1 |     13 |      0 |      0 |   1 |   14.0 |
               +--------+--------+--------+--------+--------+-----+--------+

Top non-repeatable levels by time:
     D:6: 279 daAuts
     D:7: 271 daAuts
     D:5: 232 daAuts
     D:9: 165 daAuts
     D:4: 24 daAuts
     D:8: 16 daAuts
  Temple: 14 daAuts
